 Dungeon Crawl Stone Soup version 0.32-a0-699-g1ee5eff69a (webtiles) character file.

Game seed: 517401033167045685

1141 BeKind the Twirler (level 8, -1/44 (46) HPs)
             Began as an Octopode Ice Elementalist on Mar 14, 2024.
             Was an Initiate of Gozag.
             Slain by a wight
             ... wielding a +0 mace
              (12 damage)
             ... on level 7 of the Dungeon.
             The game lasted 00:11:17 (6051 turns).

BeKind the Twirler (Octopode Ice Elementalist)      Turns: 6051, Time: 00:11:18

HP:   -1/44 (46)    AC:  1    Str:  4 (7)  XL:     8   Next: 37%
MP:   13/13         EV: 12    Int: 16 (19) God:    Gozag
Gold: 389           SH:  0    Dex: 11 (13) Spells: 6/13 levels left

rFire   . . .        i - staff of cold
rCold   + . .        (no shield)
rNeg    . . .        (helmet restricted)
rPois   .            r - amulet of regeneration
rElec   .            f - ring of willpower
rCorr   .            (no ring)
SInv    .            (no ring)
Will    +....        (no ring)
Stlth   +++          (no ring)
HPRegen 1.07/turn    (no ring)
MPRegen 0.13/turn    (no ring)
                     (no ring)

%: no passive effects
@: lightly drained
A: almost no armour, amphibious, 8 rings, camouflage 1, gelatinous body 1,
(nimble swimmer 1), tentacles
a: Renounce Religion, Potion Petition, Call Merchant, Bribe Branch


You were on level 7 of the Dungeon.
You worshipped Gozag.
Gozag was aware of your devotion.
You visited 2 branches of the dungeon, and saw 8 of its levels.

You collected 445 gold pieces.
You paid 56 gold pieces to Gozag.

Inventory:

Hand Weapons
 c - a +0 dagger
Magical Staves
 i - a staff of cold (weapon)
Jewellery
 b - a +6 ring of strength
 f - a ring of willpower (left tentacle)
 r - an amulet of regeneration (around mantle)
Wands
 k - a wand of warping (8)
Scrolls
 d - a scroll of amnesia
 g - 2 scrolls of poison {unknown}
 j - a scroll of noise
 n - 2 scrolls of enchant armour {unknown}
 p - a scroll of blinking
 q - a scroll of immolation {unknown}
 t - a scroll of fog {unknown}
 u - a scroll of teleportation {unknown}
Potions
 a - a potion of magic
 e - a potion of enlightenment {unknown}
 h - a potion of mutation {unknown}
 s - a potion of heal wounds {unknown}


   Skills:
 - Level 7.0 Staves
 + Level 3.4 Dodging
 - Level 3.0 Stealth
 + Level 3.3 Spellcasting
 + Level 2.5 Summonings
 + Level 5.5 Ice Magic


You had 6 spell levels left.
You knew the following spells:

 Your Spells              Type           Power      Damage    Failure   Level
a - Freeze                Ice            100%       1d10      1%          1
b - Summon Ice Beast      Ice/Summ       23%        N/A       11%         3
c - Frozen Ramparts       Ice            60%        1d10      5%          3

Your spell library contained the following spells:

 Spells                   Type           Power      Damage    Failure   Level
 Ozocubu's Armour         Ice            30%        N/A       5%          3
 Cigotuvi's Dreadful Rot  Necr/Alch/Air  4%         N/A       26%         2
 Fugue of the Fallen      Necr           2%         N/A       47%         3
 Martyr's Knell           Necr/Summ      6%         N/A       71%         4
 Dispel Undead            Necr           2%         3d7       87%         4
 Manifold Assault         Tloc           2%         N/A       87%         4


Dungeon Overview and Level Annotations

Branches:
Dungeon (7/15)             Temple (1/1) D:4

Altars:
Ashenzari
Cheibriados
Fedhas
Gozag
Kikubaaqudgha
Okawaru
Ru
Uskayaw
Vehumet
Wu Jian
Yredelemnul
Zin
The Shining One

Shops:
D:1 [   D:3 =


Innate Abilities, Weirdness & Mutations

You cannot wear most types of armour.
You are amphibious.
You can wear up to eight rings at the same time.
Your skin changes colour to match your surroundings (Stealth+).
Your rubbery body absorbs attacks. (AC +1, EV +1)
((You are camouflaged when in or above water. (Stealth+)))
You have tentacles for arms and can constrict up to eight enemies at once.


Message History

Your magical contamination has completely faded away.
You hit the wight.
You squeeze the wight, but do no damage.
The wight is heavily damaged.
You constrict the wight. You hit the wight but do no damage.
You squeeze the wight, but do no damage.
The wight is severely damaged.
You constrict the wight. The wight barely misses you.
The wight hits your ice beast with a +4 war axe.
Your ice beast hits the wight.
The wight is destroyed!
Your life force feels restored.
You now have 385 gold pieces (gained 5).
Things that are here:
a +4 war axe; a +0 robe You now have 389 gold pieces (gained 4).
You see here a +0 short sword.
There is a stone staircase leading down here.
You start resting.
Your ice beast disappears in a puff of smoke!
HP restored.
You start resting.
Magic restored.
You start waiting.
Done waiting.
You climb downwards.
The wight misses you.
The kobold hits you with a +0 short sword.
The wight completely misses you. The black bear barely misses you.
The black bear completely misses you. The black bear claws you.
The wight barely misses you.
The wight hits you with a +5 long sword!
There is a stone staircase leading up, spattered with blood here.
The kobold hits you with a +0 short sword.
The wight hits you with a +4 battleaxe of freezing!
You feel drained.
* * * LOW HITPOINT WARNING * * *
The wight hits you with a +0 mace!
You die...
Your body crumbles into a pile of gold.

#. # #. # #.#.
.#
###.#.#####.#
............#
.)....zzh...#
......z@K...#
(...........#
.....K......#
.....!.KKz..#
......$$.......
...........#...
...........#.##
...........# #
...........#


You could see a black bear, a kobold brigand, 4 wights and 3 kobolds.

Vanquished Creatures
  Eustachio (D:5)
  An ice beast (D:6)
  A sky beast (D:6)
  2 bombardier beetles
  A howler monkey (D:6)
  A hound (D:4)
  An orc priest (D:5)
  2 iguanas
  3 orc wizards
  Robin (D:3)
  5 adders
  An ufetubus (D:6)
  2 dart slugs
  4 ribbon worms
  9 orcs
  8 endoplasms
  4 giant cockroaches
  11 goblins
  12 hobgoblins
  5 jackals (D:2)
  5 quokkas
  7 ball pythons
  5 bats
  4 frilled lizards
  5 kobolds
  3 rats
104 creatures vanquished.

Vanquished Creatures (collateral kills)
  A water moccasin (D:5)
  A wight (D:6)
  A bombardier beetle (D:5)
  An orc priest (D:6)
  2 iguanas
  An orc wizard (D:5)
  4 gnolls (D:5)
  An ufetubus (D:6)
  2 orcs
  4 kobolds
  2 bats (D:3)
  2 goblins (D:3)
22 creatures vanquished.

Grand Total: 126 creatures vanquished

Notes
Turn   | Place    | Note
-------+----------+-------------------------------------------
     0 | D:1      | BeKind the Octopode Ice Elementalist began the quest for
                  | the Orb.
     0 | D:1      | Reached XP level 1. HP: 11/11 MP: 3/3
    47 | D:1      | Found Huadum's Antique Armour Shoppe.
   159 | D:1      | Reached XP level 2. HP: 17/17 MP: 1/5
  1093 | D:2      | Reached XP level 3. HP: 17/21 MP: 2/6
  1403 | D:2      | Learned a level 3 spell: Summon Ice Beast
  1936 | D:2      | Reached XP level 4. HP: 23/27 MP: 3/7
  2198 | D:3      | Noticed Robin
  2239 | D:2      | Learned a level 3 spell: Frozen Ramparts
  2286 | D:3      | Found a hide-covered altar of Uskayaw.
  2549 | D:3      | Found Garackosig's Jewellery Boutique.
  2653 | D:3      | Found a snail-covered altar of Cheibriados.
  2923 | D:3      | Killed Robin
  2924 | D:3      | Reached skill level 1 in Summonings
  2924 | D:3      | Reached skill level 5 in Ice Magic
  2995 | D:3      | You fall into a shaft and drop 1 floor!
  3005 | D:4      | Found a staircase to the Ecumenical Temple.
  3026 | D:4      | Reached XP level 5. HP: 25/31 MP: 7/9
  3033 | Temple   | Entered the Ecumenical Temple
  3595 | D:4      | Reached skill level 1 in Staves
  3670 | D:4      | Reached XP level 6. HP: 34/36 MP: 8/10
  3876 | D:4      | Reached skill level 2 in Staves
  4015 | D:3      | Found a glowing silver altar of Zin.
  4281 | D:3      | Found a faded altar of an unknown god.
  4480 | D:5      | Entered Level 5 of the Dungeon
  4580 | D:5      | Noticed Eustachio
  4734 | D:5      | Killed Eustachio
  4735 | D:5      | Reached skill level 4 in Staves
  4735 | D:5      | Reached XP level 7. HP: 25/41 MP: 7/11
  4845 | D:5      | Found an opulent altar of Gozag.
  4869 | D:5      | Became a worshipper of Gozag Ym Sagoz the Greedy
  4982 | D:5      | Reached skill level 5 in Staves
  5097 | D:5      | Found an iron altar of Okawaru.
  5325 | D:6      | Reached skill level 6 in Staves
  5516 | D:6      | Reached skill level 7 in Staves
  5516 | D:6      | Reached XP level 8. HP: 27/46 MP: 10/12
  5674 | D:6      | Found a blossoming altar of Fedhas.
  5674 | D:6      | Found a sacrificial altar of Ru.
  6051 | D:7      | Slain by a wight

Illustrated notes

Levels and vault maps discovered:
D:1:      ldierk_walled_garden, layout_basic, serial_shops, shop
D:2:      layout_basic
D:3:      layout_loops_ring, nicolae_overflow_crystal_walls,
          mainiacjoe_overflow_concentric_impassable, old_standard_altar,
          shapermc_ecumenical_altar_mp_urbaneastern, serial_shops, shop,
          kennysheep_generic_room_3, uniq_robin
D:4:      nicolae_cairo_tiling_large, layout_gridville,
          minmay_temple_entry_glass, serial_library_hellmonk_long_bookcase
D:5:      layout_layer_cave, mainiacjoe_overflow_24_doors,
          mainiacjoe_overflow_tiny_flanked, uniq_eustachio
D:6:      layout_rooms, gammafunk_temple_overflow_pools
D:7:      layout_basic, mainiacjoe_overflow_alcove_2, uniq_pikel
Temple:   hellmonk_temple_micro_hex

Skill      XL: |  1  2  3  4  5  6  7 |
---------------+----------------------+-----
Stealth        | 3 |  3.0
Summonings     | 1 2 |  2.5
Ice Magic      | 5 |  5.5
Dodging        | 3 |  3.4
Spellcasting   | 3 |  3.3
Staves         | 1 4 7 |  7.0

Action                     |  1- 3 |  4- 6 |  7- 9 || total
---------------------------+-------+-------+-------++-------
  Melee: Unarmed           |     5 |       |       ||     5
         Constrict         |     6 |    30 |    12 ||    48
         Dagger            |    15 |       |       ||    15
         Tentacles         |     6 |    22 |    14 ||    42
         Staff             |     5 |    83 |    55 ||   143
   Cast: Freeze            |    48 |    21 |       ||    69
         Summon Ice Beast  |       |     8 |    13 ||    21
         Frozen Ramparts   |       |     1 |     3 ||     4
    Use: Scroll            |       |     3 |       ||     3
         Potion            |       |       |     4 ||     4
   Stab: Sleeping          |     3 |     6 |       ||     9
 Armour: Skin              |    24 |    86 |    42 ||   152
  Dodge: Dodged            |    31 |   102 |    48 ||   181

Table legend: (Time is in decaauts)
 A = Elapsed time spent in this place.
 B = Non-inter-level travel time spent in this place.
 C = Inter-level travel time spent in this place.
 D = Time resting spent in this place.
 E = Time spent auto-exploring this place.
 F = Levels seen in this place.
 G = Mean time per level.
                   A        B        C        D        E       F      G
               +--------+--------+--------+--------+--------+-----+--------+
         Total |   6062 |   5668 |    394 |    723 |   4024 |   8 |  757.8 |
       Dungeon |   6060 |   5666 |    394 |    723 |   4024 |   7 |  865.7 |
        Temple |      1 |      1 |      0 |      0 |      0 |   1 |    1.0 |
               +--------+--------+--------+--------+--------+-----+--------+

Top non-repeatable levels by time:
     D:2: 1466 daAuts
     D:4: 1145 daAuts
     D:1: 1036 daAuts
     D:3: 968 daAuts
     D:5: 727 daAuts
     D:6: 702 daAuts
     D:7: 13 daAuts
  Temple: 1 daAuts
